 Dungeon Crawl Stone Soup version 0.19-a0-174-g09de571 (webtiles) character file.

358 aurelian the Grave Robber (level 6, -15/49 HPs)
             Began as a Naga Necromancer on May 22, 2016.
             Demolished by an ogre
             ... wielding a +0 giant club
              (29 damage)
             ... on level 5 of the Dungeon.
             The game lasted 00:09:36 (4968 turns).

aurelian the Grave Robber (Naga Necromancer)        Turns: 4968, Time: 00:09:36

Health: -15/49     AC:  8    Str: 11    XL:     6   Next: 64%
Magic:  2/10       EV: 10    Int: 15    God:
Gold:   53         SH:  0    Dex: 13    Spells: 3 memorised, 3 levels left

rFire  . . .     SeeInvis +     w - +1 flail (protect)
rCold  . . .     Gourm    .     a - +0 robe
rNeg   . . .     Faith    .     (no shield)
rPois  +         Spirit   .     (no helmet)
rElec  .         Dismiss  .     (no cloak)
rCorr  .         Reflect  .     (no gloves)
SustAt .         Harm     .     (no barding)
MR     .....                    (no amulet)
Stlth  +++.......               (no ring)
                                (no ring)

@: very slightly contaminated, hasted, quick, not resistant to hostile
enchantments, fairly stealthy
A: see invisible, deformed body, poison resistance, slowness 2, slow metabolism
1, spit poison 2, AC +2
a: Spit Poison


You were on level 5 of the Dungeon.
You were not hungry.

You visited 1 branch of the dungeon, and saw 5 of its levels.

You collected 144 gold pieces.
You spent 91 gold pieces at shops.

Inventory:

Hand Weapons
 k - a +0 club
 s - a +0 hunting sling
 w - a +1 flail of protection (weapon)
Missiles
 f - 204 stones (quivered)
 p - 10 tomahawks
 q - 2 needles of sleeping
Armour
 a - a +0 robe (worn)
Jewellery
 h - a +2 ring of evasion {unknown}
Wands
 x - a wand of random effects (15/48)
Scrolls
 i - 3 scrolls of immolation {unknown}
 m - 2 scrolls of magic mapping
 o - a scroll of recharging
 t - a scroll of identify
 v - a scroll of remove curse
Potions
 d - a potion of curing
 e - a potion of mutation
 j - a potion of cancellation {unknown}
 r - a potion of berserk rage {unknown}
 z - a potion of agility
Books
 b - a book of Necromancy

   Spells                             Type                      Level
   a - Pain                           Necromancy                   1
   b - Animate Skeleton               Necromancy                   1
   c - Vampiric Draining              Necromancy                   3
   d - Regeneration                   Charms/Necromancy            3
   e - Animate Dead                   Necromancy                   4
   f - Control Undead                 Necromancy                   4
Comestibles
 c - 3 bread rations
 g - 3 chunks of flesh
 l - 2 meat rations
 n - 2 slices of pizza


   Skills:
 + Level 1.1 Maces & Flails
 - Level 1.5 Dodging
 + Level 3.7 Stealth
 - Level 3.0 Spellcasting
 - Level 7.0 Necromancy


You had 3 spell levels left.
You knew the following spells:

 Your Spells              Type           Power        Failure   Level  Hunger
a - Pain                  Necr           ###.         1%          1    #......
b - Vampiric Draining     Necr           ###.......   3%          3    ###....
c - Animate Dead          Necr           N/A          14%         4    #####..


Dungeon Overview and Level Annotations

Branches:
Dungeon (5/15)
 Temple: D:4-7

Altars:
Dithmenos
Makhleb
Qazlal
Yredelemnul
The Shining One

Shops:
D:4 (


Innate Abilities, Weirdness & Mutations

You cannot wear boots.
Your serpentine skin is tough (AC +2).
You have supernaturally acute eyesight.
Armour fits poorly on your strangely shaped body.
Your system is resistant to poisons.
You cover ground very slowly.
You have a slow metabolism.
You can spit poison.


Message History

Aiming: Pain
Press: ? - help, Shift-Dir - straight line, f/p - ogre
Aim: an ogre, wielding a giant club (heavily wounded, chance to defeat MR: 83%)
The ogre barely resists.
The ogre hits you with a giant club!
* * * LOW HITPOINT WARNING * * *
Casting: Pain
Confirm with . or Enter, or press ? or * to list all spells.
Aiming: Pain
Press: ? - help, Shift-Dir - straight line, f/p - ogre
Aim: an ogre, wielding a giant club (heavily wounded, chance to defeat MR: 83%)
The ogre convulses in agony!
Casting: Pain
Confirm with . or Enter, or press ? or * to list all spells.
Aiming: Vampiric Draining
Press: ? - help, Shift-Dir - straight line, f/p - ogre
Aim: an ogre, wielding a giant club (heavily wounded)
The ogre is severely wounded.
You feel life coursing into your body. The ogre hits you with a giant club!!
Ouch! That really hurt!
You die...

### #...... #§.§#
...... #._.# .....
#§.§# # . #...#
#...###.
..###...###§.§##.######
........##...##!O....#
..##..#..###'###@#
.........#.....#.#
.....#.#.........# ###
#.###.....### #.#
###'### ##.## #...# #
#...# #§.§# # #...#
#...# # #...###§.§#


You could see an ogre.

Vanquished Creatures
  A howler monkey (D:5)
  2 orc priests
  3 orc wizards
  Terence (D:3)
  2 adders
  4 worms
  3 dart slugs
  2 giant geckos
  6 orcs
  A ball python (D:3)
  12 giant cockroaches
  4 hobgoblins
  5 jackals
  5 kobolds
  A quokka (D:3)
  7 bats
  4 giant newts
  9 goblins
  18 rats
90 creatures vanquished.

Vanquished Creatures (collateral kills)
  A giant frog skeleton (D:4)
1 creature vanquished.

Grand Total: 91 creatures vanquished

Notes
Turn   | Place    | Note
--------------------------------------------------------------
     0 | D:1      | aurelian the Naga Necromancer began the quest for the Orb.
     0 | D:1      | Reached XP level 1. HP: 15/15 MP: 3/3
   332 | D:1      | Reached XP level 2. HP: 22/22 MP: 3/5
  1144 | D:1      | Reached XP level 3. HP: 26/28 MP: 3/6
  2048 | D:2      | Found a faded altar to an unknown god.
  2329 | D:2      | Reached XP level 4. HP: 36/36 MP: 6/8
  2674 | D:2      | Learned a level 3 spell: Vampiric Draining
  2679 | D:2      | Learned a level 4 spell: Animate Dead
  2680 | D:2      | Reached skill level 5 in Necromancy
  3004 | D:3      | Noticed Terence
  3018 | D:3      | Killed Terence
  3495 | D:3      | Reached XP level 5. HP: 41/42 MP: 6/9
  3737 | D:3      | Found a burning altar of Makhleb.
  3976 | D:4      | Reached skill level 6 in Necromancy
  4143 | D:4      | Found Ynuclegh's Antique Weapon Boutique.
  4151 | D:4      | Bought a glowing flail for 91 gold pieces
  4174 | D:4      | Found a shadowy altar of Dithmenos.
  4176 | D:4      | Found a stormy altar of Qazlal.
  4273 | D:4      | Reached XP level 6. HP: 38/49 MP: 5/10
  4400 | D:4      | Noticed a phantom
  4477 | D:5      | Entered Level 5 of the Dungeon
  4727 | D:5      | Reached skill level 7 in Necromancy
  4850 | D:5      | Reached skill level 1 in Maces & Flails
  4941 | D:5      | Found a basalt altar of Yredelemnul.
  4953 | D:5      | Found a glowing golden altar of the Shining One.
  4968 | D:5      | Demolished by an ogre

Vault maps used:
D:1:      erik_arrival_orb_chamber
D:2:      ecumenical_altar_1
D:3:      lightli_temple_of_fire, first_bread, kennysheep_generic_room_4,
          uniq_terence, uniq_sigmund
D:4:      evilmike_ruin_ashenzari, grunt_temple_overflow_open,
          minmay_temple_entry_junction2, serial_shops,
          nicolae_shop_competitors_out_of_business
D:5:      grunt_temple_overflow_holy_war, nicolae_overflow_hidden_temple,
          basic_altar, grunt_ministairs_8, uniq_menkaure, uniq_grinder

Skill      XL: |  1  2  3  4  5  6 |
---------------+-------------------+-----
Spellcasting   | 3 |  3.0
Necromancy     | 5 6 7 |  7.0
Maces & Flails | 1 |  1.1
Dodging        | |  1.5
Stealth        | |  3.7

Action                   |  1- 3 |  4- 6 || total
-------------------------+-------+-------++-------
Melee: Club              |    10 |       ||    10
       Flail             |       |    26 ||    26
 Fire: Hunting sling     |       |    10 ||    10
 Cast: Pain              |    72 |   109 ||   181
       Vampiric Draining |       |     5 ||     5
       Animate Dead      |       |     3 ||     3
 Abil: Spit Poison       |       |     2 ||     2
Evoke: Wand              |       |     2 ||     2
  Use: Scroll            |       |     7 ||     7
       Potion            |       |     1 ||     1
  Eat: Chunk             |     3 |     9 ||    12
Armor: Robe              |     3 |    18 ||    21
Dodge: Dodged            |    26 |    26 ||    52
